 Dungeon Crawl Stone Soup version 0.29-a0-486-ga88943ba61 (webtiles) character file.

Game seed: 15426649059526735217

11963 Morbidden the Grappler (level 11, -1/102 HPs)
             Began as a Troll Gladiator on May 26, 2022.
             Was a High Priest of Cheibriados.
             Constricted to death by an anaconda (2 damage)
             ... on level 1 of the Lair of Beasts.
             The game lasted 00:21:06 (9254 turns).

Morbidden the Grappler (Troll Gladiator)            Turns: 9254, Time: 00:21:07

Health: -1/102     AC: 11    Str: 38    XL:     11   Next: 56%
Magic:  23/23      EV: 11    Int: 22    God:    Cheibriados [*****.]
Gold:   418        SH:  0    Dex: 25    Spells: 9/16 levels left

rFire   + . .      SeeInvis .     - Unarmed
rCold   . . .      Faith    .   (no shield)
rNeg    . . .      Spirit   .   O - +0 troll leather armour
rPois   .          Reflect  .   a - +2 hat
rElec   .          Harm     .   J - +2 cloak
rCorr   .          Rampage  .   (gloves unavailable)
Will    .....                   (boots unavailable)
Stlth   ++........              (no amulet)
HPRegen 1.87/turn               o - ring of protection from fire
MPRegen 0.18/turn               x - ring of magical power

@: constricted, very slow
A: large, unfitting armour, claws 3, regeneration 1, shaggy fur 1, tough skin 1
a: Renounce Religion, Bend Time, Temporal Distortion, Slouch, Step From Time


You were on level 1 of the Lair of Beasts.
You worshipped Cheibriados.
Cheibriados was extremely pleased with you.
You visited 3 branches of the dungeon, and saw 12 of its levels.
You also visited: Bailey.

You collected 565 gold pieces.
You spent 147 gold pieces at shops.

Inventory:

Missiles
 b - a curare-tipped dart
 c - 2 throwing nets
 e - 12 poisoned darts
 f - 432 stones
 s - 6 silver javelins
 t - 5 boomerangs (quivered)
 F - a large rock
 G - 2 javelins
Armour
 a - a +2 hat (worn)
 d - a +2 robe of the Archmagi
 I - +0 acid dragon scales
 J - a +2 cloak (worn)
 O - a +0 troll leather armour (worn)
Jewellery
 i - a ring of protection from cold
 o - a ring of protection from fire (left claw)
 x - a ring of magical power (right claw)
 B - a ring of ice
 D - a ring of fire
 Q - a ring of see invisible
Wands
 j - a wand of flame (32)
 w - a wand of acid (4)
 y - a wand of polymorph (2)
 A - a wand of iceblast (29)
Scrolls
 g - 6 scrolls of teleportation
 n - 2 scrolls of noise
 p - a scroll of poison
 C - 2 scrolls of enchant weapon
 E - a scroll of enchant armour
 N - a scroll of amnesia
Potions
 h - 4 potions of haste
 k - 10 potions of heal wounds
 l - a potion of attraction {unknown}
 m - 9 potions of curing
 q - 4 potions of resistance
 r - 3 potions of cancellation
 u - 3 potions of might
 v - 2 potions of mutation
 z - 3 potions of lignification
 K - a potion of brilliance
 L - 2 potions of magic
 M - a potion of invisibility


   Skills:
 * Level 5.0 Fighting
 * Level 7.9 Throwing
 + Level 1.4 Armour
 * Level 6.0 Dodging
 + Level 1.5 Stealth
 * Level 11.3 Unarmed Combat
 * Level 3.0 Spellcasting
 * Level 2.8 Necromancy
 * Level 1.2 Transmutations
 * Level 4.1 Invocations


You had 9 spell levels left.
You knew the following spells:

 Your Spells              Type           Power      Damage    Failure   Level
a - Necrotize             Necr           64%        1d7       4%          1
b - Vampiric Draining     Necr           16%        2d7       12%         3
c - Spider Form           Tmut/Pois      6%         N/A       30%         3

Your spell library contained the following spells:

 Spells                   Type           Power      Damage    Failure   Level
 Beastly Appendage        Tmut           16%        N/A       9%          1
 Wereblood                Tmut           8%         N/A       12%         2
 Passwall                 Tmut/Erth      5%         N/A       16%         2
 Ensorcelled Hibernation  Hex/Ice        6%         N/A       21%         2
 Static Discharge         Conj/Air       3%         N/A       21%         2
 Ignite Poison            Fire/Tmut/Pois 5%         N/A       32%         3
 Conjure Flame            Conj/Fire      3%         6-21      36%         3
 Dazzling Flash           Conj/Hex       6%         N/A       36%         3
 Mephitic Cloud           Conj/Pois/Air  3%         N/A       36%         3
 Swiftness                Air            3%         N/A       36%         3
 Animate Dead             Necr           16%        N/A       38%         4
 Dispel Undead            Necr           16%        3d10      38%         4
 Agony                    Necr           16%        N/A       75%         5
 Iskenderun's Mystic Bla  Conj/Tloc      3%         2d3       78%         4
 Sticky Flame             Conj/Fire      3%         2d3       78%         4
 Borgnjor's Vile Clutch   Necr/Erth      4%         N/A       90%         5
 Freezing Cloud           Conj/Ice/Air   1%         6-21      98%         5
 Death Channel            Necr           8%         N/A       99%         6
 Starburst                Conj/Fire      1%         6d3       100%        6


Dungeon Overview and Level Annotations

Branches:
Dungeon (10/15)            Temple (1/1) D:5            Lair (1/6) D:8
 Bailey (visited)
    Orc: D:9-12

Altars:
Ashenzari
Cheibriados
Dithmenos
Elyvilon
Fedhas
Gozag
Hepliaklqana
Kikubaaqudgha
Makhleb
Nemelex Xobeh
Okawaru
Qazlal
Ru
Sif Muna
Trog
Uskayaw
Wu Jian
Xom
Yredelemnul
Zin
The Shining One

Shops:
D:4 *   D:5 *   D:8 :

Annotations:
D:5 1 runed translucent door, Crazy Yiuf


Innate Abilities, Weirdness & Mutations

You are too large for most types of armour.
You have claws for hands.
Your natural rate of healing is unusually fast.
You are covered in fur. (AC +1)
You have tough skin. (AC +1)


Message History

The anaconda constricts you.
You are too injured to fight recklessly!
Unknown command.
Okay, then.
Activating: Slouch (24% risk of failure)
Press: ? - help, Dir - look around, f - activate You fail to use your ability.
The black bear barely misses you.
The black bear claws you but does no damage.
The black bear claws you. The anaconda bites you! The anaconda constricts you.
Unknown command.
Unknown command.
Unknown command.
Activating: Slouch (24% risk of failure)
Press: ? - help, Dir - look around, f - activate You fail to use your ability.
The anaconda bites you!
* * * LOW HITPOINT WARNING * * *
The anaconda constricts you.
* * * LOW HITPOINT WARNING * * *
The black bear bites you but does no damage.
The black bear claws you but does no damage.
The black bear closely misses you. The anaconda bites you.
* * * LOW HITPOINT WARNING * * *
The anaconda constricts you.
* * * LOW HITPOINT WARNING * * *
Unknown command.
Unknown command.
Unknown command.
Unknown command.
Blink to where?
Press: ? - help, Dir - move target The anaconda's grasp on you weakens, but your attempt to escape fails.
As you read the scroll of blinking, it crumbles to dust.
The anaconda bites you!
* * * LOW HITPOINT WARNING * * *
The anaconda constricts you. The black bear closely misses you.
The black bear misses you. The black bear barely misses you.
The anaconda bites you.
* * * LOW HITPOINT WARNING * * *
The anaconda constricts you.
You die...

.# ##### ## ########
≈###≈≈≈≈≈≈#### #
≈≈≈≈≈≈≈≈≈≈≈≈≈## #
≈≈≈≈≈≈S.≈≈≈≈≈≈# #
≈≈≈..Fh@†..≈≈≈# #
.....$##†...≈≈# #
...#######..≈≈# # .
###......≈≈# #
##.#.....≈≈≈#
############.......≈≈≈≈#
##..#.#...#...#....≈≈≈.#
...........#.......≈≈##..
..........................


You could see an anaconda, a cane toad and a black bear.

Vanquished Creatures
  Gastronok (D:8)
  An orc knight (Bailey)
  Pikel (D:5)
  Joseph (D:8)
  A gargoyle (D:7)
  2 cane toads (Lair:1)
  A komodo dragon (D:8)
  2 trolls
  Grinder (D:4)
  Sigmund (D:3)
  15 yaks
  3 acid dragons
  3 water moccasins
  Pargi (D:3)
  An orc warrior (D:8)
  An ice beast (D:6)
  A sky beast (D:6)
  2 ogres
  2 centaurs
  3 lemures
  2 phantoms
  2 kobold brigands (D:8)
  Blork the orc (D:3)
  4 necrophages
  2 gnoll sergeants
  8 bullfrogs
  3 scorpions
  12 wights
  13 killer bees
  7 howler monkeys
  2 jellies
  4 hounds
  3 gnoll shamans
  6 orc priests
  Jessica (D:3)
  Terence (D:2)
  7 iguanas
  Natasha (thrice) (D:3)
  8 orc wizards
  Robin (D:2)
  28 gnolls
  7 adders
  4 white imps
  An ufetubus (D:4)
  2 worms
  2 dart slugs
  53 orcs
  3 bats (D:3)
  7 endoplasms
  A giant cockroach (D:2)
  9 goblins
  8 hobgoblins
  5 jackals
  5 quokkas
  9 ball pythons
  7 frilled lizards
  14 kobolds
  4 rats
303 creatures vanquished.

Vanquished Creatures (others)
  9 fungi (D:8)
  16 plants
25 creatures vanquished.

Grand Total: 328 creatures vanquished

Notes
Turn   | Place    | Note
-------+----------+-------------------------------------------
     0 | D:1      | Morbidden the Troll Gladiator began the quest for the Orb.
     0 | D:1      | Reached XP level 1. HP: 19/19 MP: 0/0
   611 | D:2      | Reached XP level 2. HP: 25/27 MP: 1/1
   675 | D:2      | Found a faded altar of an unknown god.
   680 | D:2      | Noticed Terence
   706 | D:2      | Killed Terence
   707 | D:2      | Reached XP level 3. HP: 35/35 MP: 2/2
  1081 | D:2      | Noticed Robin
  1100 | D:2      | Reached XP level 4. HP: 20/42 MP: 3/3
  1106 | D:2      | Killed Robin
  1234 | D:2      | Found a white marble altar of Elyvilon.
  1812 | D:3      | Noticed Pargi
  1826 | D:3      | Killed Pargi
  1827 | D:3      | Reached skill level 4 in Unarmed Combat
  1827 | D:3      | Reached XP level 5. HP: 32/49 MP: 4/4
  1835 | D:3      | Noticed Sigmund
  1855 | D:3      | Killed Sigmund
  1856 | D:3      | Reached XP level 6. HP: 46/57 MP: 4/6
  1878 | D:3      | Found a sparkling altar of Nemelex Xobeh.
  1915 | D:3      | Noticed Jessica
  1924 | D:3      | Killed Jessica
  1925 | D:3      | Reached skill level 1 in Spellcasting
  1994 | D:3      | Found a bloodstained altar of Trog.
  2030 | D:3      | Found a broken altar of Ashenzari.
  2065 | D:3      | Noticed Natasha
  2075 | D:3      | Killed Natasha
  2076 | D:3      | Reached skill level 5 in Unarmed Combat
  2398 | D:3      | Noticed Natasha
  2405 | D:3      | Killed Natasha
  2442 | D:3      | Noticed Natasha
  2446 | D:3      | Killed Natasha
  2638 | D:4      | Noticed Blork the orc
  2647 | D:3      | Killed Blork the orc
  2648 | D:3      | Reached XP level 7. HP: 55/66 MP: 7/7
  2790 | D:4      | Noticed Grinder
  2807 | D:4      | Paralysed by Grinder for 2 turns
  2811 | D:4      | Killed Grinder
  2812 | D:4      | Reached skill level 6 in Unarmed Combat
  2849 | D:4      | Found Zin's Purification Station.
  2851 | D:4      | Found a glowing silver altar of Zin.
  2927 | D:4      | Reached XP level 8. HP: 72/74 MP: 9/9
  3178 | D:4      | Found a stormy altar of Qazlal.
  3280 | D:5      | Entered Level 5 of the Dungeon
  3284 | D:5      | Noticed Pikel
  3408 | D:5      | Found a staircase to the Ecumenical Temple.
  3440 | Temple   | Entered the Ecumenical Temple
  3599 | Temple   | Became a worshipper of Cheibriados the Contemplative
  3712 | D:5      | Reached skill level 5 in Throwing
  3756 | D:5      | Found a shimmering altar of Xom.
  3771 | D:5      | Reached skill level 7 in Unarmed Combat
  3771 | D:5      | Reached skill level 1 in Invocations
  3864 | D:5      | Found Ycuo's Serpentskin Sales.
  3868 | D:5      | Reached * piety under Cheibriados
  3874 | D:5      | Bought a scroll of poison for 49 gold pieces
  3874 | D:5      | Bought a scroll of poison for 49 gold pieces
  3874 | D:5      | Bought a scroll of poison for 49 gold pieces
  3912 | D:5      | Found a broken altar of Ashenzari.
  3941 | D:5      | Found a runed translucent door.
  3942 | D:5      | Noticed Crazy Yiuf
  4061 | D:5      | Killed Pikel
  4062 | D:5      | Reached XP level 9. HP: 42/83 MP: 10/10
  4207 | D:5      | Learned a level 3 spell: Vampiric Draining
  4246 | D:5      | Found an opulent altar of Gozag.
  4252 | D:5      | Reached skill level 8 in Unarmed Combat
  4332 | D:6      | Found an ornate altar of the Wu Jian Council.
  4663 | D:6      | Reached skill level 1 in Stealth
  4667 | D:6      | Reached skill level 9 in Unarmed Combat
  4667 | D:6      | Reached skill level 1 in Necromancy
  4835 | D:6      | Found a sacrificial altar of Ru.
  4916 | D:6      | Reached ** piety under Cheibriados
  5300 | D:7      | Reached *** piety under Cheibriados
  5464 | D:7      | Reached XP level 10. HP: 79/91 MP: 12/12
  5479 | D:7      | Learned a level 1 spell: Necrotize
  5493 | D:7      | Reached skill level 5 in Dodging
  5770 | D:7      | Found a faded altar of an unknown god.
  5771 | D:7      | Found a hazy altar of Hepliaklqana.
  5771 | D:7      | Noticed a gargoyle
  5776 | D:7      | Killed a gargoyle
  5971 | D:8      | Noticed Gastronok
  5980 | D:8      | Found Uczeet's Self-Improvement Boutique.
  6003 | D:8      | Noticed Joseph
  6012 | D:8      | Killed Joseph
  6069 | D:8      | Killed Gastronok
  6070 | D:8      | Reached skill level 10 in Unarmed Combat
  6324 | D:8      | Reached **** piety under Cheibriados
  6404 | D:8      | Identified the +4 ring mail of Parlour Games {rF++ Will+}
  6452 | D:8      | Found an opulent altar of Gozag.
  6666 | D:8      | Found a shimmering blue altar of Sif Muna.
  6752 | D:8      | Found a staircase to the Lair.
  6953 | D:9      | Reached ***** piety under Cheibriados
  7065 | D:9      | Reached XP level 11. HP: 65/101 MP: 14/14
  7301 | D:9      | Reached skill level 11 in Unarmed Combat
  7677 | D:10     | Entered Level 10 of the Dungeon
  7683 | D:10     | Learned a level 3 spell: Spider Form
  7791 | D:10     | Found a flagged portal.
  7818 | Bailey   | Entered a bailey
  8118 | Bailey   | Noticed an orc knight
  8128 | Bailey   | Killed an orc knight
  8757 | D:10     | Reached skill level 1 in Armour
  8760 | D:10     | Reached skill level 1 in Transmutations
  9030 | Lair:1   | Entered Level 1 of the Lair of Beasts
  9211 | Lair:1   | Reached skill level 5 in Fighting
  9244 | Lair:1   | Noticed an anaconda
  9254 | Lair:1   | HP: 5/102 [anaconda (13)]
  9254 | Lair:1   | HP: 1/102 [anaconda (4)]
  9254 | Lair:1   | Constricted to death by an anaconda

Illustrated notes

Levels and vault maps discovered:
D:1:      eino_arrival_druids_welcome, layout_loops_ring
D:2:      layout_basic, basic_altar, hellmonk_ecumenical_altar_blasted,
          hangedman_abyss_or_decor_stabs, uniq_robin, uniq_terence
D:3:      layout_loops_ring, trog_butcher_becter, old_standard_altar,
          nicolae_ashenzari_skybound, patterned_corridor, uniq_jessica,
          uniq_pargi, uniq_sigmund, uniq_natasha
D:4:      layout_rooms, mainiacjoe_overflow_alcove_2, zin_purify,
          uniq_blork_the_orc, uniq_grinder
D:5:      layout_rooms, mainiacjoe_overflow_cross_hatched,
          minmay_temple_entry_tees, hangedman_feature_mirror,
          guppyfry_shop_venom, uniq_crazy_yiuf_cottage, uniq_pikel
D:6:      layout_basic, nicolae_ru_great_annihilating_truth,
          nicolae_wu_jian_wuxing_cycle
D:7:      layout_basic, beargit_hepliaklqana_dungeon_heroes, grunt_ministairs_7
D:8:      layout_rooms, mainiacjoe_overflow_six_doors_small, kennysheep_mini,
          grunt_lair_entry_orc_guard_hut, nicolae_shop_self_help, uniq_joseph,
          uniq_gastronok
D:9:      layout_rooms
D:10:     layout_roguey, enter_bailey_1
Temple:   grunt_temple_mini_profane
Lair:1:   layout_chaotic_city, serial_bayou_pond_a, nicolae_lair_lakeside_cave

Skill      XL: |  1  2  3  4  5  6  7  8  9 10 11 |
---------------+----------------------------------+-----
Throwing       | 2 3 4 6 7 |  7.9
Dodging        | 3 4 5 6 |  6.0
Fighting       | 2 3 4 5 |  5.0
Unarmed Combat | 4 5 6 7 9 10 11 | 11.3
Spellcasting   | 1 2 3 |  3.0
Invocations    | 1 2 3 4 |  4.1
Stealth        | 1 |  1.5
Necromancy     | 1 2 |  2.8
Armour         | 1 |  1.4
Transmutations | 1 |  1.2

Action                   |  1- 3 |  4- 6 |  7- 9 | 10-12 || total
-------------------------+-------+-------+-------+-------++-------
Melee: Unarmed           |    67 |    71 |   275 |   280 ||   693
       Punch             |       |       |    13 |    20 ||    33
Throw: Stone             |     8 |    10 |    72 |     6 ||    96
       Dart              |     4 |    23 |    41 |    11 ||    79
       Javelin           |     3 |     9 |    12 |     3 ||    27
       Large rock        |       |     1 |       |     2 ||     3
       Throwing net      |       |     1 |       |       ||     1
       Boomerang         |       |       |    19 |    64 ||    83
 Cast: Necrotize         |       |       |       |     4 ||     4
       Vampiric Draining |       |       |       |     5 ||     5
  Use: Scroll            |       |       |    12 |    14 ||    26
       Potion            |       |       |       |     4 ||     4
 Stab: Sleeping          |       |     3 |       |     8 ||    11
       Distracted        |       |     1 |       |       ||     1
       Paralysed         |       |       |     1 |       ||     1
Armor: Robe              |    24 |    26 |   102 |    29 ||   181
       Acid dragon scale |       |       |       |    42 ||    42
       Skin              |       |       |       |     2 ||     2
       Troll leather arm |       |       |       |    14 ||    14
Dodge: Dodged            |    33 |    38 |   130 |   204 ||   405

Table legend: (Time is in decaauts)
 A = Elapsed time spent in this place.
 B = Non-inter-level travel time spent in this place.
 C = Inter-level travel time spent in this place.
 D = Time resting spent in this place.
 E = Time spent auto-exploring this place.
 F = Levels seen in this place.
 G = Mean time per level.
                   A        B        C        D        E       F      G
               +--------+--------+--------+--------+--------+-----+--------+
         Total |  11569 |  11127 |    442 |    780 |   7738 |  13 |  889.9 |
       Dungeon |  10111 |   9714 |    397 |    780 |   6716 |  10 | 1011.1 |
        Temple |    187 |    144 |     43 |      0 |    140 |   1 |  187.0 |
          Lair |    367 |    367 |      0 |      0 |    298 |   1 |  367.0 |
        Bailey |    903 |    903 |      0 |      0 |    583 |   1 |  903.0 |
               +--------+--------+--------+--------+--------+-----+--------+

Top non-repeatable levels by time:
    D:10: 1291 daAuts
     D:8: 1250 daAuts
     D:7: 1227 daAuts
     D:9: 1171 daAuts
     D:2: 1084 daAuts
     D:5: 975 daAuts
     D:3: 971 daAuts
  Bailey: 903 daAuts
     D:6: 900 daAuts
     D:4: 635 daAuts
     D:1: 602 daAuts
  Lair:1: 367 daAuts
  Temple: 187 daAuts
